 Dungeon Crawl Stone Soup version 0.31-a0-489-g282fc92437 (webtiles) character file.

Game seed: 27778448843673601

37 Ethylacetat the Sneak (level 3, -6/25 HPs)
             Began as an Octopode Brigand on Aug 8, 2023.
             Killed from afar by an orc wizard (11 damage)
             ... with a magic dart
             ... on level 2 of the Dungeon.
             The game lasted 00:01:37 (943 turns).

Ethylacetat the Sneak (Octopode Brigand)             Turns: 943, Time: 00:01:38

Health: -6/25      AC:  3    Str: 10    XL:     3   Next: 41%
Magic:  3/3        EV: 13    Int: 13    God:
Gold:   56         SH:  0    Dex: 15    Spells: 2/2 levels left

rFire   . . .        a - +2 dagger
rCold   . . .        (no shield)
rNeg    . . .        i - +2 hat
rPois   .            (no amulet)
rElec   .            (no ring)
rCorr   .            (no ring)
SInv    .            (no ring)
Will    .....        (no ring)
Stlth   ++++         (no ring)
HPRegen 0.24/turn    (no ring)
MPRegen 0.08/turn    (no ring)
                     (no ring)

%: no passive effects
@: no status effects
A: almost no armour, amphibious, 8 rings, camouflage 1, gelatinous body 1,
(nimble swimmer 1), tentacles
a: no special abilities


You were on level 2 of the Dungeon.
You visited 1 branch of the dungeon, and saw 3 of its levels.

You collected 56 gold pieces.

Inventory:

Hand Weapons
 a - a +2 dagger (weapon)
Missiles
 b - 9 poisoned darts
 c - 3 curare-tipped darts (quivered)
 k - 11 boomerangs
Armour
 i - a +2 hat (worn)
Scrolls
 e - 4 scrolls of identify {unknown}
 h - a scroll of fear {unknown}
Potions
 d - a potion of resistance {unknown}
 f - 3 potions of haste {unknown}
 g - a potion of attraction {unknown}
 j - a potion of magic {unknown}


   Skills:
 + Level 2.8 Fighting
 + Level 2.8 Short Blades
 - Level 2.1 Throwing
 - Level 1.1 Dodging
 - Level 5.4 Stealth


You had 2 spell levels left.
You didn't know any spells.
Your spell library was empty.

Dungeon Overview and Level Annotations

Branches:
Dungeon (3/15)

Altars:


Innate Abilities, Weirdness & Mutations

You cannot wear most types of armour.
You are amphibious.
You can wear up to eight rings at the same time.
Your skin changes colour to match your surroundings (Stealth+).
Your rubbery body absorbs attacks. (AC +1, EV +1)
((You are camouflaged when in or above water. (Stealth+)))
You have tentacles for arms and can constrict up to eight enemies at once.


Message History

The orc wizard flickers and vanishes!
Deactivating autopickup; reactivate with Ctrl-A.
The orc shouts!
You hit something but do no damage. You tentacle-slap something.
You constrict something. Something hits you.
You release your grip on something.
The bat attacks as you move away! The bat closely misses you. x2
You hit the bat. You grab the bat. You squeeze the bat.
You kill the bat!
Something hits you.
You can't go up here!
You miss something. Something barely misses you.
You barely miss something.
Unknown command.
You hit something but do no damage. Something barely misses you.
There is a stone staircase leading up here.
You hear some strange, mumbled words.
Something tries to affect you, but you resist.
You climb upwards.
Reactivating autopickup.
Found 3 scrolls labelled DUOS LIANLIUMU and 13 gold pieces.
There is a stone staircase leading down here.
You are too injured to fight recklessly!
You are too injured to fight recklessly!
A rat is nearby!
You are too injured to fight recklessly!
You are too injured to fight recklessly!
You are too injured to fight recklessly!
Deactivating autopickup; reactivate with Ctrl-A.
You hit something. Something hits you.
* * * LOW HITPOINT WARNING * * *
You barely miss something. Your squeeze misses something. Something hits you.
* * * LOW HITPOINT WARNING * * *
You hit something. Something hits you but does no damage.
You miss something. Something hits you but does no damage.
You barely miss something.
You hear some strange, mumbled words.
A magic dart appears from out of thin air!
The magic dart hits you!
You die...

..# ..#
........#
###
........#
........#
.........
........#
........#
....$...###
.......@{.#
$.....?.###
........#
....r...#
#########


You could see a rat (asleep).

Vanquished Creatures
  An adder (D:2)
  A dart slug (D:1)
  2 bats
  3 endoplasms
  3 giant cockroaches
  2 goblins
  2 hobgoblins (D:1)
  4 kobolds
  2 ball pythons
  A frilled lizard (D:1)
  2 rats (D:1)
23 creatures vanquished.

Notes
Turn   | Place    | Note
-------+----------+-------------------------------------------
     0 | D:1      | Ethylacetat the Octopode Brigand began the quest for the
                  | Orb.
     0 | D:1      | Reached XP level 1. HP: 14/14 MP: 1/1
   260 | D:1      | Reached XP level 2. HP: 19/19 MP: 2/2
   856 | D:2      | Reached XP level 3. HP: 25/25 MP: 3/3
   901 | D:2      | You fall into a shaft and drop 1 floor!
   943 | D:2      | Killed from afar by an orc wizard

Illustrated notes

Levels and vault maps discovered:
D:1:      dpeg_arrival_short_road, layout_loops_ring, minmay_close_crescents
D:2:      minmay_general_purpose_star, layout_rooms,
          chequers_ecumenical_altar_island, kennysheep_generic_room_10
D:3:      layout_basic, uniq_grinder

Action                     || total
---------------------------++-------
  Melee: Dagger            ||    59
         Constrict         ||     7
         Tentacles         ||     5
         Punch             ||     1
   Stab: Sleeping          ||     7
         Distracted        ||     1
 Armour: Skin              ||     8
  Dodge: Dodged            ||    20

Table legend: (Time is in decaauts)
 A = Elapsed time spent in this place.
 B = Non-inter-level travel time spent in this place.
 C = Inter-level travel time spent in this place.
 D = Time resting spent in this place.
 E = Time spent auto-exploring this place.
 F = Levels seen in this place.
 G = Mean time per level.
                   A        B        C        D        E       F      G
               +--------+--------+--------+--------+--------+-----+--------+
         Total |    935 |    877 |     58 |      0 |    717 |   3 |  311.7 |
       Dungeon |    935 |    877 |     58 |      0 |    717 |   3 |  311.7 |
               +--------+--------+--------+--------+--------+-----+--------+

Top non-repeatable levels by time:
     D:1: 715 daAuts
     D:2: 184 daAuts
     D:3: 35 daAuts
